 Dungeon Crawl Stone Soup version 0.28-a0-48-gfd831c5874 (webtiles) character file.

Game seed: 14685927494832991819

2 flotson the Sneak (level 1, -2/18 HPs)
             Began as a Demonspawn Delver on July 29, 2021.
             Killed from afar by an orc wizard (10 damage)
             ... with a magic dart
             ... on level 5 of the Dungeon.
             The game lasted 00:00:41 (85 turns).

flotson the Sneak (Demonspawn Delver)                 Turns: 85, Time: 00:00:42

Health: -2/18      AC:  3    Str: 12    XL:     1   Next: 25%
Magic:  1/1        EV: 11    Int: 11    God:
Gold:   9          SH:  0    Dex: 14    Spells: 0/0 levels left

rFire   . . .      SeeInvis .   a - +0 hand axe
rCold   . . .      Faith    .   (no shield)
rNeg    . . .      Spirit   .   b - +0 leather armour
rPois   .          Reflect  .   (no helmet)
rElec   .          Harm     .   (no cloak)
rCorr   .          Rampage  .   (no gloves)
Will    .....                   (no boots)
Stlth   +.........              (no amulet)
HPRegen 0.06/turn               (no ring)
MPRegen 0.07/turn               (no ring)

@: confused
A: no striking features
a: no special abilities


You were on level 5 of the Dungeon.
You visited 1 branch of the dungeon, and saw 1 of its levels.

You collected 9 gold pieces.

Inventory:

Hand Weapons
 a - a +0 hand axe (weapon)
Armour
 b - a +0 leather armour (worn)
Wands
 g - a wand of digging (3)
 h - a wand of iceblast (9)
Scrolls
 c - a scroll of fog
 e - a scroll of fear
Potions
 f - a potion of haste


   Skills:
 + Level 3.0 Fighting
 + Level 1.8 Axes
 + Level 0.1 Armour
 + Level 1.8 Dodging
 - Level 4.5 Stealth
 + Level 0.1 Evocations


You couldn't memorise any spells.
You didn't know any spells.
Your spell library was empty.

Dungeon Overview and Level Annotations

Branches:
Dungeon (5/15)
 Temple: D:4-7

Altars:
Xom

Annotations:
D:5 Dowan, Duvessa


Message History

h - a wand of iceblast (9)
You now have 9 gold pieces.
Dowan, Brother of Duvessa comes into view.
He is wielding a +1 dagger of venom.
As you read the scroll of magic mapping, it crumbles to dust.
You feel aware of your surroundings.
You sensed 1 altar.
Duvessa, Sister of Dowan comes into view.
She is wielding a +0 short sword of venom.
There are no items here.
An orc comes into view. It is wielding a +0 hand axe.
The orc shouts!
You hear a shout!
An orc wizard comes into view. It is wielding a +0 dagger.
You closely miss the orc.
The orc wizard casts a spell.
The orc wizard flickers and vanishes!
Deactivating autopickup; reactivate with Ctrl-A.
The orc misses you.
You closely miss the orc.
An orc priest comes into view. It is wielding a +0 mace.
The orc hits you with a +0 hand axe.
You hit the orc but do no damage.
An orc comes into view. It is wielding a +0 short sword.
The orc hits you with a +0 hand axe.
You slash the orc!
You kill the orc!
A magic dart appears from out of thin air!
The magic dart hits you.
You start resting.
There is a strange disturbance nearby!
You hear some strange, mumbled words.
You are confused.
You are too confused!
Unknown command.
Something hits you but does no damage. The orc barely misses you.
You closely miss something. You hit the orc. Something completely misses you.
The orc closely misses you.
You bump into the tree.
You hear some strange, mumbled words.
A magic dart appears from out of thin air!
The magic dart hits you!
Ouch! That really hurt!
You die...

##### ##...#
#######....##### #####**
#....#{.♣......# .....,*
#.....o@.......# .....,*
#.o..##._......# *#...,*
#....##........# *#...,*
#....##.♣......#
*#...#####....##........#
##'##.........######....#
#.....#.).....# #....#
#.....#.......# #....#
#.....'.......# #....#


You could see an orc priest (wandering) and an orc.

Vanquished Creatures
  An orc (D:5)
1 creature vanquished.

Notes
Turn   | Place    | Note
-------+----------+-------------------------------------------
     0 | D:5      | flotson the Demonspawn Delver began the quest for the Orb.
     0 | D:5      | Reached XP level 1. HP: 18/18 MP: 1/1
    11 | D:5      | Found a shimmering altar of Xom.
    29 | D:5      | Noticed Dowan
    43 | D:5      | Noticed Duvessa
    62 | D:5      | Noticed an orc wizard
    66 | D:5      | Noticed an orc priest
    85 | D:5      | Killed from afar by an orc wizard

Illustrated notes

Levels and vault maps discovered:
D:5:      layout_gridville, nemelex_spade_bored_becter,
          mainiacjoe_overflow_tiny_flanked, uniq_duvessa

Action                   || total
-------------------------++-------
Melee: Hand axe          ||     5
  Use: Scroll            ||     1
Armor: Leather armour    ||     1
Dodge: Dodged            ||     4

Table legend: (Time is in decaauts)
 A = Elapsed time spent in this place.
 B = Non-inter-level travel time spent in this place.
 C = Inter-level travel time spent in this place.
 D = Time resting spent in this place.
 E = Time spent auto-exploring this place.
 F = Levels seen in this place.
 G = Mean time per level.
                   A        B        C        D        E       F      G
               +--------+--------+--------+--------+--------+-----+--------+
         Total |     86 |     80 |      6 |      4 |     28 |   1 |   86.0 |
       Dungeon |     86 |     80 |      6 |      4 |     28 |   1 |   86.0 |
               +--------+--------+--------+--------+--------+-----+--------+

Top non-repeatable levels by time:
     D:5: 86 daAuts
